Map: Orbital Shipyard

Players

MuFFiNMaN

  • Race: Zerg Zerg
  • League: Gold

Eternity - Winner!

  • Race: Terran Terran
  • League: Gold

VOD

Have the link to the VOD?

Description

Time

  • Played on: Oct. 23, 2015, 4:52 p.m.
  • Length: 35:26
Show
View Real Time Build Order
Export as new Build Order

MuFFiNMaN Zerg 

Build Orders: Hatch First 

Get SALT Encoding   

  12  0:04  Drone  
  13  0:12  Overlord  
  13  0:17  Drone  
  14  0:31  Drone x2  
  16  0:36  Drone  
  17  0:47  Drone  
  18  0:59  Hatchery  
  18  1:02  Drone  
  18  1:07  Extractor  
  17  1:14  Spawning Pool  
  17  1:16  Drone  
  17  1:21  Drone  
  18  1:31  Drone  
  19  1:41  Drone  
  20  1:51  Overlord  
  20  2:06  Queen  
  22  2:11  Queen  
  22  2:12  Drone  
  22  2:13  Drone  
  22  2:14  Metabolic Boost  
  26  2:32  Drone x2  
  28  2:41  Queen  
  30  2:45  Hatchery  
  29  2:54  Drone x2  
  30  3:00  Roach Warren  
  30  3:03  Zergling x4  
  30  3:04  Extractor  
  30  3:05  Zergling x2  
  31  3:08  Drone  
  31  3:10  Drone  
  33  3:15  Drone  
  33  3:17  Drone  
  35  3:40  Drone  
  36  3:42  Overlord x2  
  36  3:43  Overlord, Extractor  
  36  3:44  Drone  
  36  3:59  Queen x2  
  40  4:06  Drone  
  40  4:07  Drone x2  
  40  4:08  Drone  
  44  4:10  Drone  
  44  4:11  Drone x2, Extractor  
  44  4:13  Drone x2  
  44  4:16  Drone  
  49  4:18  Drone  
  50  4:42  Lair  
  47  4:55  Roach x2  
  47  4:56  Roach x2  
  47  4:58  Drone  
  47  4:59  Drone x8  
  64  5:07  Overlord  
  64  5:09  Overlord  
  64  5:10  Overlord  
  64  5:20  Overlord x2  
  64  5:28  Drone x2  
  66  5:29  Evolution Chamber  
  66  5:30  Evolution Chamber  
  66  5:34  Drone x5  
  69  5:37  Drone  
  69  5:38  Drone  
  69  5:39  Drone  
  72  5:56  Drone  
  72  5:57  Drone x4  
  74  6:00  Zerg Missile Weapons Level 1, Zerg Ground Armor Level 1  
  74  6:02  Glial Reconstitution  
  74  6:04  Drone x2  
  79  6:05  Drone  
  80  6:17  Overlord x2  
  80  6:25  Roach x9  
  98  6:30  Extractor  
  98  6:31  Overlord x2  
  98  6:32  Extractor  
  96  6:34  Overlord x2  
  96  6:41  Ravager x2  
  96  6:42  Ravager x2  
  101  6:54  Drone x3  
  101  6:55  Drone x3  
  101  7:00  Drone x2  
  108  7:01  Infestation Pit  
  109  7:08  Roach  
  109  7:09  Roach x7  
  109  7:11  Ravager x4  
  127  7:23  Roach x4  
  127  7:24  Hatchery, Roach x2  
  127  7:26  Overlord  
  127  7:28  Overlord  
  127  7:29  Overlord  
  138  7:30  Overlord x2  
  138  7:42  Overseer  
  138  7:43  Overseer  
  138  7:48  Pathogen Glands  
  138  7:52  Hive  
  138  7:53  Pneumatized Carapace  
  138  7:55  Zerg Missile Weapons Level 2  
  138  7:56  Zerg Ground Armor Level 2  
  138  7:58  Drone  
  138  7:59  Drone x5  
  138  8:00  Drone x3  
  147  8:08  Roach x2  
  147  8:09  Roach x4  
  147  8:11  Roach  
  163  8:12  Roach  
  163  8:13  Roach  
  165  8:39  Overseer  
  165  8:56  Extractor x2  
  165  8:58  Drone x2  
  165  8:59  Drone  
  166  9:05  Drone, Ultralisk Cavern  
  166  9:06  Drone  
  167  9:13  Roach  
  167  9:14  Roach x7  
  183  9:45  Overlord x2  
  183  9:46  Overlord  
  183  9:51  Drone x2, Hydralisk Den  
  184  9:54  Chitinous Plating  
  184  9:59  Overlord x3  
  184  10:12  Zerg Melee Weapons Level 1  
  184  10:18  Spine Crawler  
  184  10:20  Spine Crawler x2  
  181  10:21  Spore Crawler x2, Spine Crawler x2  
  181  10:22  Spore Crawler x2, Spine Crawler  
  181  10:24  Spore Crawler x2  
  181  10:25  Ultralisk x3  
  181  10:26  Ultralisk  
  196  10:53  Hatchery  
  195  10:59  Lurker Den  
  195  11:11  Zerg Ground Armor Level 3  
  195  11:18  Spire  
  194  11:19  Drone x2, Spire  
  194  11:21  Drone  
  194  11:22  Drone x4  
  200  11:36  Spine Crawler  
  199  12:04  Drone  
  200  12:38  Hatchery  
  153  12:54  Hatchery  
  120  13:04  Roach  
  120  13:05  Roach x18  
  156  13:06  Roach x5  
  104  13:56  Roach  
  104  13:57  Roach x17  
  104  13:58  Roach x5  
  143  14:17  Mutalisk  
  143  14:28  Ravager x5  
  143  14:29  Ravager x4  
  143  14:30  Ultralisk  
  143  14:31  Ultralisk x4  
  182  14:42  Zerg Melee Weapons Level 2, Muscular Augments  
  182  14:44  Zerg Missile Weapons Level 3  
  182  14:47  Zerg Flyer Weapons Level 1  
  182  14:48  Zerg Flyer Armor Level 1  
  162  15:59  Roach x6  
  162  16:00  Roach x4  
  162  16:01  Roach  
  104  16:55  Corruptor x3  
  104  16:58  Corruptor  
  104  17:00  Roach  
  104  17:01  Roach x5  
  122  17:02  Roach x5  
  122  17:03  Ravager x4  
  122  17:04  Ravager  
  122  17:05  Ultralisk x2  
  135  17:50  Extractor x2  
  125  17:58  Roach x10  
  135  18:00  Overlord  
  139  18:20  Zerg Flyer Armor Level 2, Zerg Flyer Weapons Level 2  
  139  18:33  Spine Crawler  
  138  18:36  Drone  
  138  18:37  Drone x2  
  138  18:38  Drone  
  138  18:40  Drone  
  138  18:41  Drone x4  
  129  19:05  Drone  
  129  19:06  Drone x11  
  93  20:11  Drone x3  
  96  20:15  Burrow  
  96  20:30  Hatchery  
  95  20:37  Extractor  
  95  20:39  Extractor  
  93  21:05  Zerg Flyer Weapons Level 3  
  93  21:14  Drone  
  93  21:15  Drone x2  
  84  21:43  Mutalisk x11  
  84  21:44  Mutalisk x15  
  127  22:13  Mutalisk x3  
  123  22:37  Mutalisk  
  123  22:38  Mutalisk  
  127  22:55  Extractor  
  126  22:59  Extractor  
  89  23:30  Zergling x16  
  89  23:31  Zergling x44  
  91  23:44  Ultralisk x3  
  91  23:48  Ultralisk  
  89  24:27  Roach  
  89  24:28  Roach x21  
  130  24:43  Roach x5  
  137  24:55  Adrenal Glands  
  137  25:04  Roach  
  137  25:05  Roach x9  
  157  25:28  Greater Spire  
  131  25:44  Roach  
  131  25:45  Roach x20  
  131  25:46  Roach  
  113  26:09  Corruptor x3  
  67  26:40  Zergling x4  
  67  26:41  Zergling x42  
  67  26:44  Zergling x4  
  88  27:00  Brood Lord x2  
  79  27:16  Hydralisk x9  
  79  27:17  Hydralisk x3  
  84  27:57  Lurker x5  
  80  28:08  Hatchery  
  66  29:05  Roach x2  
  66  29:06  Roach  
  66  29:09  Viper  
  55  29:31  Hatchery  
  53  29:40  Overseer  
  53  29:43  Viper  
  57  30:47  Hatchery  
  55  30:52  Viper x2  
Show
View Real Time Build Order
Export as new Build Order

Eternity Terran - Winner!

Build Orders: Mech 

Get SALT Encoding   

  12  0:01  SCV  
  13  0:13  SCV  
  14  0:18  Supply Depot  
  14  0:25  SCV  
  15  0:29  Refinery  
  15  0:39  SCV  
  16  0:45  Barracks  
  16  0:52  SCV  
  17  1:05  SCV  
  18  1:18  SCV  
  19  1:30  SCV  
  19  1:32  Reaper  
  21  1:42  Orbital Command  
  21  1:50  Command Center  
  21  2:02  Factory  
  21  2:13  Refinery  
  21  2:15  SCV  
  22  2:26  Supply Depot  
  22  2:27  SCV  
  23  2:34  Barracks Reactor  
  23  2:48  SCV  
  24  3:00  SCV  
  24  3:03  Factory  
  25  3:07  Orbital Command  
  25  3:12  SCV  
  26  3:24  SCV  
  26  3:27  Barracks Tech Lab  
  27  3:28  Hellion x2, Refinery  
  31  3:37  SCV x2  
  32  3:49  SCV  
  33  3:56  Refinery  
  33  3:58  Factory  
  33  3:59  SCV, Barracks Tech Lab  
  33  4:01  SCV  
  35  4:11  SCV  
  35  4:12  Supply Depot  
  35  4:13  SCV  
  35  4:15  Supply Depot  
  35  4:16  Hellion x2  
  41  4:17  Cyclone  
  41  4:24  SCV  
  45  4:25  SCV  
  46  4:36  SCV  
  47  4:39  Hellion x2  
  47  4:40  Infernal Pre-Igniter  
  47  4:42  SCV  
  52  4:51  Supply Depot  
  52  4:53  Supply Depot, Siege Tank  
  52  4:57  Siege Tank  
  52  4:59  SCV  
  59  5:01  SCV  
  60  5:12  SCV  
  61  5:22  SCV  
  61  5:24  SCV  
  63  5:39  Siege Tank x2  
  63  5:40  Hellion x2  
  73  5:44  SCV  
  73  5:45  SCV  
  73  5:47  Barracks Reactor  
  75  5:50  Command Center  
  75  5:51  Starport  
  75  5:56  SCV  
  76  6:02  SCV  
  77  6:09  SCV, Engineering Bay  
  77  6:10  Armory x2  
  78  6:16  Supply Depot  
  78  6:18  Supply Depot  
  78  6:34  Supply Depot  
  78  6:37  SCV x2, Cyclone  
  78  6:38  Hellion  
  85  6:40  Hellion  
  85  6:41  Supply Depot  
  85  6:44  Supply Depot  
  87  6:50  Siege Tank  
  90  6:59  SCV x2  
  90  7:01  Hellion  
  94  7:03  Terran Vehicle Weapons Level 1  
  94  7:04  Terran Vehicle And Ship Armor Level 1  
  94  7:05  Orbital Command  
  94  7:07  Barracks Reactor  
  94  7:11  SCV  
  94  7:13  Cyclone  
  98  7:21  SCV  
  99  7:23  SCV  
  99  7:28  Siege Tank  
  103  7:30  Supply Depot  
  103  7:31  Supply Depot  
  103  7:33  Supply Depot  
  103  7:35  SCV  
  103  7:36  SCV x2, Factory  
  106  7:42  Refinery x2  
  106  7:43  Hellion  
  108  7:46  Hellion  
  108  7:47  SCV  
  111  7:51  SCV x2  
  113  8:00  SCV  
  113  8:04  Missile Turret  
  114  8:06  Missile Turret x2  
  114  8:12  Missile Turret  
  114  8:13  Supply Depot x2, Missile Turret, SCV x2  
  114  8:14  SCV  
  114  8:15  Supply Depot  
  117  8:20  Cyclone x2  
  117  8:21  Hellion  
  117  8:25  SCV  
  117  8:26  Mag-Field Accelerator  
  126  8:31  SCV x2  
  128  8:34  Missile Turret  
  128  8:36  Hellion x3  
  128  8:41  SCV  
  135  8:42  Barracks Tech Lab  
  135  8:43  SCV  
  135  8:46  Command Center  
  136  8:49  Liberator x2  
  136  8:53  Sensor Tower  
  136  8:54  Supply Depot  
  136  8:55  Supply Depot  
  136  8:57  Supply Depot  
  136  9:00  Starport  
  136  9:07  SCV x2  
  136  9:08  SCV  
  145  9:11  Hellion  
  145  9:13  Hellion  
  145  9:15  Hellion  
  145  9:16  Hellion  
  153  9:19  SCV  
  153  9:20  SCV  
  155  9:31  Cyclone x2  
  161  9:32  Liberator  
  161  9:33  Barracks Tech Lab  
  161  9:38  Factory  
  161  9:42  Hellion x2  
  161  9:43  Hellion x2  
  172  10:03  Cyclone  
  175  10:15  Barracks Tech Lab  
  175  10:40  Cyclone  
  175  10:41  Cyclone x2  
  184  10:46  Factory  
  186  10:50  Hellion x4  
  192  11:01  Planetary Fortress  
  192  11:09  Unknown  
  194  11:11  Hellion  
  194  11:18  Cyclone x2  
  200  11:21  Terran Vehicle Weapons Level 2  
  200  11:22  Terran Vehicle And Ship Armor Level 2  
  200  11:33  Missile Turret x2  
  200  11:34  Refinery  
  200  11:35  Supply Depot  
  200  11:36  Supply Depot, Missile Turret  
  200  11:37  Supply Depot, Refinery  
  200  11:38  Supply Depot  
  200  11:40  Supply Depot  
  200  11:43  Missile Turret  
  200  11:45  Missile Turret  
  200  12:00  Supply Depot  
  200  12:01  Supply Depot  
  200  12:04  Sensor Tower  
  200  12:06  Missile Turret x2  
  200  12:24  Command Center, Missile Turret  
  200  12:26  Command Center  
  200  12:27  Missile Turret  
  200  12:29  Missile Turret  
  200  12:42  Liberator x3  
  174  12:56  Cyclone x3  
  174  12:57  Cyclone, Hellion  
  174  12:58  Hellion x3  
  175  13:19  Hellion  
  170  13:25  Liberator x2  
  165  13:28  Cyclone x2  
  165  13:31  Cyclone x2  
  165  13:32  Hellion x3  
  172  13:40  Hellion  
  175  14:00  Cyclone x2  
  175  14:01  Liberator  
  164  14:14  Cyclone x2, Hellion  
  164  14:15  Hellion x3  
  178  14:32  Cyclone  
  178  14:33  Cyclone  
  178  14:36  Hellion x2  
  188  14:46  Factory  
  188  14:50  Factory  
  185  14:58  Cyclone x2  
  191  15:00  Factory x2  
  191  15:04  Cyclone  
  191  15:05  Cyclone  
  183  15:17  Hellion x4  
  191  15:30  Cyclone x2  
  197  15:37  Cyclone  
  198  15:43  Factory Tech Lab x2  
  198  15:44  Factory Reactor  
  192  16:03  Planetary Fortress  
  189  16:12  Factory Reactor  
  153  16:36  Liberator x3  
  136  16:41  Cyclone x4, Refinery, Missile Turret x2  
  136  16:42  Cyclone x2, Missile Turret x2  
  136  16:43  Hellion x5  
  136  16:44  Hellion  
  136  16:45  Refinery  
  170  17:04  Hellion x2  
  170  17:06  Hellion x6  
  186  17:13  Cyclone  
  186  17:14  Hellion  
  191  17:16  Cyclone x2  
  191  17:17  Hellion  
  199  17:23  Terran Vehicle Weapons Level 3  
  187  17:45  Liberator x2  
  187  17:47  Cyclone x2  
  195  18:11  Planetary Fortress  
  195  18:39  Building Armor  
  195  18:43  Terran Vehicle And Ship Armor Level 3  
  195  18:45  Missile Turret  
  195  18:46  Missile Turret  
  195  18:47  Missile Turret  
  180  19:03  Cyclone x2  
  180  19:06  Refinery x2  
  180  19:08  Missile Turret  
  186  19:10  Missile Turret  
  186  19:21  Cyclone x2  
  192  19:24  Hellion  
  192  19:25  Hellion x3  
  197  19:37  Cyclone  
  197  19:46  Liberator x2  
  186  20:02  Raven  
  190  20:19  Hi-Sec Auto Tracking  
  190  20:28  Liberator  
  193  20:51  Command Center  
  193  20:55  Command Center, Hellion  
  193  20:56  Command Center x2, Hellion x2  
  184  21:48  Cyclone  
  184  21:49  Cyclone x4  
  200  22:22  Cyclone  
  200  22:29  Terran Ship Weapons Level 1  
  200  22:56  Planetary Fortress  
  173  23:16  Cyclone  
  173  23:17  Cyclone x4  
  173  23:18  Hellion x5  
  173  23:19  Hellion x2  
  190  23:40  Liberator x3  
  190  23:55  Refinery  
  190  23:58  Refinery  
  183  24:23  Cyclone x4  
  183  24:24  Cyclone x2  
  194  24:26  Hellion x3  
  200  25:20  Missile Turret  
  200  25:21  Missile Turret  
  200  25:24  Missile Turret  
  200  25:25  Missile Turret  
  193  25:45  Missile Turret  
  193  25:48  Missile Turret  
  186  25:50  Cyclone x4  
  174  26:36  Cyclone x4  
  174  26:37  Cyclone x2  
  174  26:38  Hellion x4  
  174  26:39  Hellion  
  187  28:33  Liberator x3  
  185  28:45  Cyclone  
  185  28:46  Cyclone x5  
  185  28:48  Hellion x4  
  178  28:49  Hellion x4  
  193  29:09  Hellion x2  
  199  29:10  Hellion  
  192  29:17  Cyclone  
  192  29:18  Cyclone  
  198  29:43  Planetary Fortress  
  198  30:19  Missile Turret  
  198  30:21  Refinery x2  
  198  30:22  Missile Turret x2  
  198  30:23  Missile Turret  
  189  30:53  Cyclone x3  
  189  30:55  Hellion  
  195  31:47  Cyclone  
  195  31:48  Hellion  
  195  31:52  Refinery  
  200  32:46  Terran Ship Weapons Level 2  
  200  33:38  Command Center  
  200  33:41  Command Center  
  195  34:33  Cyclone  
  198  35:06  Missile Turret  
  198  35:07  Refinery, Missile Turret  
  196  35:09  Missile Turret x2  
  196  35:12  Refinery  
  196  35:21  Refinery  
  196  35:22  Missile Turret  
  196  35:24  Missile Turret  
Tags
 
Composition
Mech
League
GoldGold
Matchup
TvZ
Add a new tag
Caveats
  • Supply blocks, unpowered buildings, or Contaminate may cause inaccurate times.
  • Supply counts are checked every 10 seconds.